AoeStats
← OSMANE38

Arena

510174437Analyzed
3v3 RM · 1d ago on Sep 29, 2026· 73m 7s· 6 players
Game mode
Random Map
Map size
Normal (6 player)
Population
200
Speed
Normal
Resources
Standard
Victory
Conquest
Starting age
Dark Age
Ending age
Imperial Age
RankedLock teamsTeams togetherTeam positionsShared explorationLock speedFull tech treeHidden civsTurbo modeCheats
Victory
Defeat
🇺🇸 Vikings · United States
910
+14
🇩🇪 Turks · Germany
881
+15
🇮🇹 Hindustanis · Italy
869
+16
🇹🇷 Vikings · Türkiye
877
-15
🇹🇷 Burgundians · Türkiye
859
-15
🇹🇷 Persians · Türkiye
854
-15
OSMANE38
0:43 Loom
10:46 Feudal Age
20:46 Castle Age
18:48 Stone Mining
19:36 Gold Mining
20:12 Horse Collar
20:41 Double-Bit Axe
24:18 Wheelbarrow
27:37 Heavy Plow
28:25 Bow Saw
29:00 Forging
28:40 Fletching
29:43 Gold Shaft Mining
30:39 Hand Cart
30:10 Town Watch
34:25 Imperial Age
33:35 Town Patrol
34:03 Padded Archer Armor
37:02 Sipahi
39:24 Bloodlines
39:15 Husbandry
41:18 Elite Janissary
49:44 Two-Man Saw
49:10 Artillery
55:40 Caravan
56:12 Coinage
55:53 Guilds
55:57 Bodkin Arrow
56:18 Leather Archer Armor
57:21 Hoardings
56:17 Sappers
57:11 Bombard Tower
57:03 Masonry
AlexShukov13
0:27 Loom
13:42 Feudal Age
14:13 Man-at-Arms
15:08 Double-Bit Axe
16:18 Gold Mining
20:14 Castle Age
18:35 Scale Mail Armor
18:34 Horse Collar
19:44 Arson
20:48 Pikeman
21:28 Squires
20:49 Long Swordsman
26:27 Town Watch
28:47 Forging
34:03 Imperial Age
33:21 Ballistics
33:15 Bow Saw
33:07 Heavy Plow
34:38 Iron Casting
34:18 Chain Mail Armor
34:09 Two-Handed Swordsman
35:21 Chieftains
39:28 Blast Furnace
38:58 Plate Mail Armor
38:06 Champion
40:10 Two-Man Saw
39:54 Gold Shaft Mining
39:13 Stone Mining
39:32 Capped Ram
41:24 Murder Holes
41:37 Elite Skirmisher
42:14 Fletching
42:24 Padded Archer Armor
44:04 Chemistry
43:02 Bodkin Arrow
46:26 Bracer
46:42 Leather Archer Armor
46:49 Conscription
46:47 Elite Varangian Guard
47:44 Fortified Wall
49:36 Ring Archer Armor
56:25 Bogsveigar
jollodianice
9:38 Feudal Age
17:05 Castle Age
16:00 Scale Mail Armor
15:57 Stone Mining
17:29 Wheelbarrow
16:56 Double-Bit Axe
20:12 Bow Saw
20:18 Forging
23:35 Scale Barding Armor
27:40 Gold Mining
28:09 Hand Cart
36:21 Chain Barding Armor
36:37 Iron Casting
39:20 Imperial Age
38:43 Squires
38:32 Arson
41:28 Husbandry
40:49 Heavy Camel Rider
42:08 Plate Barding Armor
42:35 Blast Furnace
41:52 Chain Mail Armor
42:20 Elite Ghulam
42:46 Light Cavalry
46:56 Gold Shaft Mining
46:06 Imperial Camel Rider
51:09 Hussar
52:39 Onager
SZY19999
0:40 Loom
10:24 Feudal Age
9:02 Double-Bit Axe
9:48 Horse Collar
11:16 Heavy Plow
11:28 Bow Saw
19:27 Castle Age
18:21 Wheelbarrow
17:42 Gold Mining
18:58 Gold Shaft Mining
21:22 Crop Rotation
22:37 Two-Man Saw
25:09 Scale Barding Armor
25:15 Forging
26:50 Hand Cart
28:54 Chain Barding Armor
29:10 Iron Casting
33:04 Imperial Age
31:18 Fletching
31:28 Padded Archer Armor
33:11 Elite Coustillier
34:38 Plate Barding Armor
35:05 Blast Furnace
34:06 Bodkin Arrow
33:36 Elite Skirmisher
35:22 Town Watch
35:47 Herbal Medicine
37:18 Bracer
37:45 Leather Archer Armor
37:31 Scale Mail Armor
38:52 Burgundian Vineyards
42:05 Chain Mail Armor
43:01 Town Patrol
44:19 Plate Mail Armor
47:54 Husbandry
49:08 Chemistry
48:29 Ballistics
48:20 Fortified Wall
49:16 Arrowslits
52:58 Ballistics
65:50 Flemish Revolution
Lione..
9:57 Feudal Age
13:43 Castle Age
12:44 Double-Bit Axe
20:55 Horse Collar
21:31 Bow Saw
22:43 Town Watch
22:54 Gold Mining
36:16 Gold Shaft Mining
36:28 Heavy Plow
42:22 Town Patrol
42:08 Loom
43:06 Forging
43:10 Scale Mail Armor
44:41 Iron Casting
45:55 Chain Mail Armor
48:34 Imperial Age
50:49 Blast Furnace
50:24 Plate Mail Armor
51:48 Elite Berserk
52:40 Chieftains
55:25 Pikeman
56:05 Squires
55:51 Arson
61:23 Elite Varangian Guard
aacar6135
10:40 Feudal Age
11:21 Double-Bit Axe
15:45 Horse Collar
21:09 Castle Age
19:19 Stone Mining
21:27 Forging
21:07 Fletching
23:51 Iron Casting
23:12 Bodkin Arrow
24:26 Bow Saw
24:58 Heavy Plow
27:02 Gold Mining
31:49 Imperial Age
30:07 Gold Shaft Mining
30:57 Kamandaran
30:20 Crossbowman
31:06 Thumb Ring
32:57 Crop Rotation
33:30 Two-Man Saw
33:08 Stone Shaft Mining
34:10 Citadels
34:20 Conscription
35:04 Blast Furnace
35:10 Chemistry
34:21 Masonry
36:53 Ballistics
36:24 Heated Shot
48:41 Wheelbarrow
55:25 Elite Skirmisher
Connection lost

Rejoining the realm…

Still unreachable

The connection could not be restored.

Session expired

The server has moved on; the page needs a fresh start.